 Dungeon Crawl Stone Soup version 0.30-a0-368-g86fb4627a9 (webtiles) character file.

Game seed: 6663382979412710786

112 qeuew the Conjurer (level 4, -1/22 HPs)
             Began as a Tengu Conjurer on Nov 18, 2022.
             Slain by a gnoll
             ... wielding a +0 spear
              (5 damage)
             ... on level 4 of the Dungeon.
             The game lasted 00:02:31 (2235 turns).

qeuew the Conjurer (Tengu Conjurer)                 Turns: 2235, Time: 00:02:32

Health: -1/22      AC:  3    Str:  9    XL:     4   Next: 95%
Magic:  1/8        EV: 13    Int: 19    God:
Gold:   85         SH:  0    Dex: 14    Spells: 1/8 levels left

rFire   . . .      SeeInvis .    (no weapon)
rCold   + . .      Faith    .    (no shield)
rNeg    . . .      Spirit   .    a - +0 robe
rPois   .          Reflect  .    (helmet restricted)
rElec   .          Harm     .    (no cloak)
rCorr   .          Rampage  .    (no gloves)
Will    .....                    (boots unavailable)
Stlth   +++.......               g - amulet of regeneration
HPRegen 1.03/turn                (no ring)
MPRegen 0.11/turn                (no ring)

@: no status effects
A: beak, talons 3, thin skeletal structure 1, cold resistance 1, frail 1, shaggy
fur 1
a: no special abilities


You were on level 4 of the Dungeon.
You visited 1 branch of the dungeon, and saw 5 of its levels.

You collected 85 gold pieces.

Inventory:

Armour
 a - a +0 robe (worn)
Jewellery
 g - an amulet of regeneration (around neck)
Scrolls
 c - 2 scrolls of teleportation
 f - a scroll of enchant weapon
Potions
 b - a potion of magic
 i - a potion of might


   Skills:
 + Level 1.4 Fighting
 * Level 2.6 Armour
 + Level 2.9 Dodging
 - Level 2.0 Stealth
 + Level 2.6 Spellcasting
 + Level 5.8 Conjurations


You had one spell level left.
You knew the following spells:

 Your Spells              Type           Power      Damage    Failure   Level
a - Magic Dart            Conj           96%        1d7       1%          1
b - Searing Ray           Conj           48%        2d6       2%          2
c - Iskenderun's Mystic   Conj/Tloc      13%        2d5       43%         4

Your spell library contained the following spells:

 Spells                   Type           Power      Damage    Failure   Level
 Dazzling Flash           Conj/Hex       26%        N/A       14%         3
 Fulminant Prism          Conj/Hex       6%         3d7       43%         4


Dungeon Overview and Level Annotations

Branches:
Dungeon (5/15)
 Temple: D:4-7

Altars:
Vehumet


Innate Abilities, Weirdness & Mutations

You have a beak for a mouth.
You have claws for feet.
You have a somewhat thin skeletal structure. (Dex +2, Stealth+)
Your flesh is cold resistant. (rC+)
You are frail. (-10% HP)
You are covered in fur. (AC +1)


Message History

A gnoll is nearby!
The magic dart hits the gnoll.
The gnoll is heavily wounded.
A gnoll is nearby!
You miscast Magic Dart.
You are very lightly contaminated with residual magic.
Nothing appears to happen.
The magic dart hits the gnoll.
The gnoll is severely wounded.
You are out of magic!
You are out of magic!
You are out of magic!
A gnoll is nearby!
You are out of magic!
You are out of magic!
You are out of magic!
A gnoll comes into view. It is wielding a +0 flail.
The gnoll hits you from afar with a +0 spear.
The gnoll moves out of view.
A gnoll comes into view. It is wielding a +0 spear.
You see here 13 gold pieces.
The gnoll hits you with a +0 spear!
You hit the gnoll but do no damage.
The gnoll is severely wounded.
The gnoll hits you with a +0 spear!
You hit the gnoll but do no damage. You peck the gnoll, but do no damage.
The gnoll is severely wounded.
The gnoll hits you with a +0 spear.
You hit the gnoll but do no damage. Your kick misses the gnoll.
The gnoll is severely wounded.
The gnoll barely misses you.
Your magical contamination has completely faded away.
You hit the gnoll but do no damage. Your peck misses the gnoll.
The gnoll is severely wounded.
The gnoll hits you from afar with a +0 spear.
* * * LOW HITPOINT WARNING * * *
The gnoll closely misses you.
Unknown command.
The gnoll hits you from afar with a +0 spear.
You die...

#.##. #...... #.#...
#.#..# #.#..# ..
#.#..###... ###
######.#†......#
.....###.......>...##.
#.gg.@......<.......
#####.#.##.###.###.#
#.#.##.# .# #.#.##.# #
#.#.##.# #.#.##.#
#.#.##.# #.#.##.#


You could see 2 gnolls.

Vanquished Creatures
  A hound (D:4)
  A gnoll (D:4)
  3 adders
  An ufetubus (D:5)
  A worm (D:2)
  A dart slug (D:1)
  2 ball pythons
  2 bats
  3 endoplasms
  2 giant cockroaches
  5 goblins
  2 hobgoblins (D:2)
  6 jackals
  A frilled lizard (D:3)
  A kobold (D:2)
  4 rats
36 creatures vanquished.

Notes
Turn   | Place    | Note
-------+----------+-------------------------------------------
     0 | D:1      | qeuew the Tengu Conjurer began the quest for the Orb.
     0 | D:1      | Reached XP level 1. HP: 10/10 MP: 4/4
   277 | D:1      | Reached skill level 1 in Armour
   277 | D:1      | Reached XP level 2. HP: 15/15 MP: 4/6
   859 | D:1      | Gained mutation: You are frail. (-10% HP) [potion of
                  | mutation]
   859 | D:1      | Gained mutation: You have a somewhat thin skeletal
                  | structure. (Dex +2, Stealth+) [potion of mutation]
   859 | D:1      | Gained mutation: You are covered in fur. (AC +1) [potion of
                  | mutation]
   859 | D:1      | Gained mutation: Your flesh is cold resistant. (rC+)
                  | [potion of mutation]
  1029 | D:2      | Reached XP level 3. HP: 18/18 MP: 3/7
  1616 | D:2      | Reached skill level 1 in Fighting
  1641 | D:2      | Found a radiant altar of Vehumet.
  1917 | D:3      | Reached XP level 4. HP: 22/22 MP: 3/8
  2071 | D:3      | You fall into a shaft and drop 2 floors!
  2071 | D:5      | Entered Level 5 of the Dungeon
  2075 | D:5      | Learned a level 2 spell: Searing Ray
  2080 | D:5      | Learned a level 4 spell: Iskenderun's Mystic Blast
  2235 | D:4      | Slain by a gnoll

Illustrated notes

Levels and vault maps discovered:
D:1:      lightli_arrival_noodles, layout_loops_ring
D:2:      layout_basic, basic_altar
D:3:      due_chaos_kobolds, layout_loops_ring
D:4:      layout_loops_ring, serial_shops, shop, nicolae_ossuary_entry_monument
D:5:      layout_basic, biasface_ghost_orc_armoury,
          chequers_serial_rivers_micro_b, uniq_blork_the_orc

Skill      XL: |  1  2  3 |
---------------+----------+-----
Armour         | 1 2 |  2.6
Fighting       | 1 |  1.4
Dodging        | |  2.9
Stealth        | |  2.0
Spellcasting   | |  2.6
Conjurations   | |  5.8

Action                   |  1- 3 |  4- 6 || total
-------------------------+-------+-------++-------
Melee: Unarmed           |    11 |     4 ||    15
       Kick              |     3 |       ||     3
       Peck              |     1 |     1 ||     2
 Cast: Magic Dart        |    58 |    22 ||    80
  Use: Scroll            |     8 |       ||     8
       Potion            |     4 |       ||     4
Armor: Robe              |     7 |     1 ||     8
Dodge: Dodged            |    10 |     4 ||    14

Table legend: (Time is in decaauts)
 A = Elapsed time spent in this place.
 B = Non-inter-level travel time spent in this place.
 C = Inter-level travel time spent in this place.
 D = Time resting spent in this place.
 E = Time spent auto-exploring this place.
 F = Levels seen in this place.
 G = Mean time per level.
                   A        B        C        D        E       F      G
               +--------+--------+--------+--------+--------+-----+--------+
         Total |   2215 |   2194 |     21 |      0 |   1984 |   5 |  443.0 |
       Dungeon |   2215 |   2194 |     21 |      0 |   1984 |   5 |  443.0 |
               +--------+--------+--------+--------+--------+-----+--------+

Top non-repeatable levels by time:
     D:2: 900 daAuts
     D:1: 870 daAuts
     D:3: 280 daAuts
     D:5: 96 daAuts
     D:4: 66 daAuts
